AoeStats
← Erickinio

Arena

510331440Analyzed
3v3 RM · 1d ago on Sep 30, 2026· 37m 17s· 6 players
Game mode
Random Map
Map size
Normal (6 player)
Population
200
Speed
Normal
Resources
Standard
Victory
Conquest
Starting age
Dark Age
Ending age
Imperial Age
RankedLock teamsTeams togetherTeam positionsShared explorationLock speedFull tech treeHidden civsTurbo modeCheats
Victory
Defeat
🇦🇷 Celts · Argentina
1022
+14
🇫🇷 Cumans · France
972
+16
🇵🇱 Huns · Poland
938
+18
🇮🇳 Saracens · India
984
-16
🇮🇳 Portuguese · India
983
-16
🇮🇳 Khmer · India
982
-16
GuptasLegacy
10:20 Feudal Age
10:48 Horse Collar
10:55 Double-Bit Axe
18:21 Castle Age
19:49 Stone Mining
22:30 Heavy Plow
22:41 Bow Saw
25:05 Gold Mining
32:55 Imperial Age
31:00 Fletching
33:12 Wheelbarrow
32:24 Loom
32:25 Town Watch
32:38 Bodkin Arrow
33:16 Fortified Wall
33:16 Scale Mail Armor
33:26 Forging
35:00 Chemistry
34:22 Ballistics
35:02 Hand Cart
35:50 Pikeman
kundan
9:20 Feudal Age
16:51 Castle Age
15:28 Horse Collar
15:37 Double-Bit Axe
18:14 Bow Saw
19:18 Heavy Plow
21:16 Wheelbarrow
22:18 Hand Cart
25:21 Stone Mining
25:22 Gold Mining
29:05 Imperial Age
27:29 Stone Shaft Mining
27:01 Husbandry
28:59 Bloodlines
28:10 Light Cavalry
36:23 Imperial Age
34:49 Gold Shaft Mining
Shanu
10:36 Feudal Age
11:17 Horse Collar
13:08 Loom
17:58 Castle Age
16:58 Fletching
16:59 Man-at-Arms
19:00 Long Swordsman
20:15 Squires
31:14 Double-Bit Axe
34:25 Town Watch
Bamboozled Kiwi
11:21 Feudal Age
15:39 Castle Age
14:40 Scale Barding Armor
15:12 Forging
16:15 Bloodlines
21:16 Husbandry
25:51 Double-Bit Axe
25:49 Horse Collar
27:49 Chain Barding Armor
30:31 Iron Casting
30:31 Marauders
32:14 Heavy Plow
32:29 Bow Saw
35:24 Wheelbarrow
35:27 Gold Mining
WyZeR
0:26 Loom
13:53 Feudal Age
17:54 Castle Age
17:02 Stone Mining
16:57 Horse Collar
19:58 Fletching
21:54 Double-Bit Axe
22:46 Capped Ram
25:46 Bow Saw
26:00 Padded Archer Armor
29:20 Town Watch
30:11 Wheelbarrow
32:47 Bodkin Arrow
33:08 Leather Archer Armor
Erickinio
9:55 Loom
11:40 Feudal Age
12:44 Double-Bit Axe
12:47 Man-at-Arms
13:22 Arson
16:29 Forging
18:31 Scale Mail Armor
24:33 Wheelbarrow
26:44 Castle Age
25:16 Horse Collar
25:40 Gold Mining
25:42 Stone Mining
27:29 Fletching
28:44 Gambesons
28:19 Long Swordsman
29:37 Iron Casting
28:31 Pikeman
30:44 Chain Mail Armor
30:17 Elite Skirmisher
33:29 Bow Saw
33:23 Heavy Plow
35:33 Hand Cart
Connection lost

Rejoining the realm…

Still unreachable

The connection could not be restored.

Session expired

The server has moved on; the page needs a fresh start.